 Dungeon Crawl Stone Soup version 0.27.1-1-g398f81649c (webtiles) character file.

Game seed: 1450482806734429309

14 zdrol the Covered (level 2, -6/27 HPs)
             Began as a Minotaur Fighter on Sept 6, 2021.
             Mangled by a wandering mushroom (10 damage)
             ... created by the enmity of Fedhas Madash
             ... on level 1 of the Dungeon.
             The game lasted 00:02:36 (321 turns).

zdrol the Covered (Minotaur Fighter)                 Turns: 321, Time: 00:02:36

Health: -6/27      AC:  8    Str: 20    XL:     2   Next: 31%
Magic:  1/1        EV:  7    Int:  5    God:
Gold:   29         SH:  9    Dex:  9    Spells: 1/1 levels left

rFire    . . .     SeeInvis .   a - +0 long sword
rCold    . . .     Faith    .   c - +0 kite shield
rNeg     . . .     Spirit   .   b - +0 scale mail
rPois    .         Reflect  .   (helmet restricted)
rElec    .         Harm     .   (no cloak)
rCorr    .         Rampage  .   f - +0 pair of gloves
Will     .....                  (no boots)
Stlth    ..........             (no amulet)
HPRegen  0.09/turn              (no ring)
MPRegen  0.07/turn              (no ring)

@: no status effects
A: horns 2, retaliatory headbutt
a: no special abilities


You were on level 1 of the Dungeon.
You visited 1 branch of the dungeon, and saw 1 of its levels.

You collected 29 gold pieces.

Inventory:

Hand Weapons
 a - a +0 long sword (weapon)
Armour
 b - a +0 scale mail (worn)
 c - a +0 kite shield (worn)
 f - a +0 pair of gloves (worn)
Scrolls
 e - a scroll of torment {unknown}
Potions
 d - a potion of might


   Skills:
 + Level 3.8 Fighting
 + Level 2.5 Long Blades
 + Level 4.0 Armour
 + Level 4.0 Shields


You had one spell level left.
You didn't know any spells.
Your spell library was empty.

Dungeon Overview and Level Annotations

Branches:
Dungeon (1/15)

Altars:
Fedhas


Innate Abilities, Weirdness & Mutations

You have a pair of horns on your head.
You reflexively headbutt those who attack you in melee.


Message History

You hit the wandering mushroom but do no damage.
The wandering mushroom is severely damaged.
The wandering mushroom closely misses you.
The wandering mushroom releases spores at you but does no damage.
You slash the wandering mushroom!
The wandering mushroom is almost destroyed.
The wandering mushroom barely misses you.
You furiously retaliate!
You headbutt the wandering mushroom!
You destroy the wandering mushroom!
That felt strangely unrewarding.
You block the wandering mushroom's attack.
You hit the wandering mushroom.
The wandering mushroom is lightly damaged.
The wandering mushroom releases spores at you but does no damage.
You hit the wandering mushroom.
The wandering mushroom is lightly damaged.
The wandering mushroom barely misses you.
You riposte.
You hit the wandering mushroom.
The wandering mushroom is lightly damaged.
The wandering mushroom misses you.
You hit the wandering mushroom but do no damage.
The wandering mushroom is lightly damaged.
The wandering mushroom releases spores at you!
Ouch! That really hurt!
You are engulfed in a cloud of spores!
The wandering mushroom releases spores at you.
* * * LOW HITPOINT WARNING * * *
You are engulfed in a cloud of spores!
You hit the wandering mushroom.
The wandering mushroom is moderately damaged.
The wandering mushroom barely misses you.
You riposte.
You hit the wandering mushroom.
The wandering mushroom is moderately damaged.
You hit the wandering mushroom but do no damage.
The wandering mushroom is moderately damaged.
The wandering mushroom releases spores at you but does no damage.
You hit the wandering mushroom.
The wandering mushroom is moderately damaged.
The wandering mushroom releases spores at you!
You die...

$...#..†)#.#.....####
.......)#.⌠.#.####
#...#.#..#.#..# ##.
#.##.###..# #
##.....# ##.##.#
#....# ####f#
#@######.# #.........
######.... . #####
##.>.## ##..<..## #
##.......##


You could see a wandering mushroom.

Vanquished Creatures
  A wandering mushroom (D:1)
  3 endoplasms (D:1)
  2 goblins (D:1)
  2 jackals (D:1)
  A kobold (D:1)
  A quokka (D:1)
  3 frilled lizards (D:1)
13 creatures vanquished.

Notes
Turn   | Place    | Note
-------+----------+-------------------------------------------
     0 | D:1      | zdrol the Minotaur Fighter began the quest for the Orb.
     0 | D:1      | Reached XP level 1. HP: 19/19 MP: 0/0
   117 | D:1      | Found a faded altar of an unknown god.
   132 | D:1      | Became a worshipper of Fedhas Madash
   132 | D:1      | Reached * piety under Fedhas
   165 | D:1      | Reached XP level 2. HP: 23/27 MP: 1/1
   165 | D:1      | Fell from the grace of Fedhas
   307 | D:1      | Noticed a wandering mushroom
   307 | D:1      | Noticed a wandering mushroom
   312 | D:1      | Killed a wandering mushroom
   321 | D:1      | Mangled by a wandering mushroom

Illustrated notes

Levels and vault maps discovered:
D:1:      dpeg_arrival_lava_temple_mockup, layout_loops_ring,
          hellmonk_ecumenical_altar_heavens_door, grunt_decor_resistance,
          grunt_decor_one_mirror, minmay_pentomino_p4

Skill      XL: |  1  2 |
---------------+-------+-----
Armour         | 4 |  4.0
Shields        | 4 |  4.0
Fighting       | |  3.8
Long Blades    | |  2.5

Action                   || total
-------------------------++-------
Melee: Long sword        ||    34
       Headbutt          ||     7
Invok: Renounce Religion ||     1
Armor: Scale mail        ||    17
Dodge: Dodged            ||    18
Block: Kite shield       ||    21
       Rpst.: Long sword ||     4
